Islanders vs Penguins

Created - Thursday, October 16, 2014 at 20:50

Goals
1 2 3 T
Islanders 1 1 0 2
Penguins 2 2 0 4
Shots
1 2 3 T
Islanders 19 10 8 37
Penguins 12 10 5 27

1st period

1. Penguins , Nathan MacKinnon 2 (Jarome Iginla, Ryan Miller) at 6:22 (PP)
2. Islanders , Joe Pavelski 5 (Erik Karlsson, Braden Holtby) at 9:51 (PP)
3. Penguins , Mikael Granlund 2 (Patrick Sharp) at 10:01

Penalties :
Joe Pavelski (NYI) for Holding (Minor) at 5:29, David Legwand (Pit) for Goalie Interference (Minor) at 8:54, Mark Giordano (Pit) for Cross-checking (Minor) at 12:01, Kyle Quincey (NYI) for Holding Stick (Minor) at 16:12

2nd period

4. Penguins , Cody Ceci 1 (Dan Hamhuis, Nathan MacKinnon) at 7:18 (PP)
5. Islanders , Paul Martin 1 (Tyler Ennis, David Krejci) at 13:09 (PP)
6. Penguins , Patrick Sharp 2 (Anton Volchenkov) at 13:23

Penalties :
Jamie Benn (NYI) for Tripping (Minor) at 0:36, Travis Hamonic (NYI) for Hooking (Minor) at 5:43, Chris Kunitz (NYI) for Tripping (Minor) at 7:55, Marcus Foligno (Pit) for Hooking (Minor) at 12:16, Mark Giordano (Pit) for High sticking (Minor) at 18:19

3rd period

No Goal

Penalties :
Travis Hamonic (NYI) for Holding (Minor) at 13:47

Goalie Stats

Braden Holtby (NYI), 23 saves from 27 shots - (0.852), L, 1-4-0, 60:00 minutes
Ryan Miller (Pit), 35 saves from 37 shots - (0.946), W, 3-0-1, 60:00 minutes

Players Stats for Islanders

Player Name              G  A  P  +/- PIM S  H  SB GA TA FO     MP     PP MP  PK MP  
------------------------------------------------------------------------------------
Carl Hagelin             0  0  0   0  0   3  4  0  7  0  0/1    14:57   2:50   0:00 
Chris Kunitz             0  0  0   0  2   3  2  0  0  1  0/0    16:37   2:58   0:13 
Colton Sceviour          0  0  0   0  0   0  0  0  2  0  0/0     7:02   0:00   0:00 
Craig Adams              0  0  0   0  0   0  1  1  1  1  0/0    17:41   0:00   7:29 
David Krejci             0  1  1   0  0   3  0  0  3  0  9/15   16:49   2:50   0:04 
Erik Karlsson            0  1  1   0  0   2  0  1  0  0  0/0    19:43   3:41   0:21 
Jamie Benn               0  0  0   0  2   3  2  0  2  0  1/1    15:35   2:58   0:00 
Jarret Stoll             0  0  0  -2  0   1  0  1  0  1  7/15   18:30   0:00   7:42 
Joe Pavelski             1  0  1   0  2   7  1  0  3  0  7/16   15:24   2:58   0:04 
Kyle Quincey             0  0  0  -1  2   2  1  0  1  0  0/0    19:14   2:07   2:52 
Lauri Korpikoski         0  0  0  -2  0   1  1  0  2  0  1/1    12:29   0:00   2:37 
Marcel Goc               0  0  0   0  0   3  2  0  0  0  2/4     9:39   0:00   2:37 
Matt Martin              0  0  0  -2  0   0  4  1  1  0  0/0     9:52   0:00   0:00 
Olli Maatta              0  0  0   0  0   0  0  0  0  0  0/0     7:21   0:00   1:35 
Paul Martin              1  0  1  -1  0   5  2  5  0  2  0/0    28:19   3:41   5:42 
Rob Scuderi              0  0  0  -1  0   1  0  4  0  2  0/0    22:15   0:00   6:06 
Travis Hamonic           0  0  0  -1  4   2  1  1  0  2  0/0    24:05   2:07   4:10 
Tyler Ennis              0  1  1   0  0   1  1  0  0  0  0/0    13:54   2:50   0:00 

Players Stats for Penguins

Player Name              G  A  P  +/- PIM S  H  SB GA TA FO     MP     PP MP  PK MP  
------------------------------------------------------------------------------------
Anton Volchenkov         0  1  1   1  0   0  0  2  0  2  0/0    16:41   0:00   2:54 
Chris Butler             0  0  0   0  0   0  0  3  0  2  0/0    14:46   0:00   2:54 
Chris Kelly              0  0  0   0  0   1  1  0  2  0  1/1    12:45   0:00   4:44 
Christian Ehrhoff        0  0  0   1  0   1  1  0  1  1  0/0    21:05   6:37   0:00 
Cody Ceci                1  0  1   0  0   2  0  0  0  3  0/0    19:50   3:46   2:01 
Dan Hamhuis              0  1  1   1  0   3  1  1  0  1  0/0    24:08   3:46   2:54 
David Legwand            0  0  0   0  2   0  2  0  0  0  3/5    15:18   4:25   0:00 
Jarome Iginla            0  1  1   2  0   0  1  0  1  0  1/1    17:05   4:25   0:00 
Jimmy Hayes              0  0  0   0  0   2  2  0  0  1  0/0    11:11   0:00   0:00 
Marcus Foligno           0  0  0   0  2   2  2  0  0  0  0/1     9:59   0:00   1:04 
Mark Giordano            0  0  0   1  4   4  1  2  0  0  0/0    24:21   6:37   0:53 
Mikael Granlund          1  0  1   2  0   1  0  0  0  0  3/15   18:45   5:58   0:00 
Nail Yakupov             0  0  0   0  0   1  2  0  2  0  0/0    11:11   0:00   0:00 
Nate Thompson            0  0  0   0  0   0  0  0  0  0  4/10   10:00   0:00   1:04 
Nathan MacKinnon         1  1  2   0  0   6  1  0  2  0  0/0    15:19   4:25   0:00 
Patrick Sharp            1  1  2   2  0   1  1  0  5  0  1/1    18:45   5:58   0:00 
Paul Gaustad             0  0  0   0  0   2  0  0  0  0  12/18  15:55   0:00   4:44 
Vladimir Tarasenko       0  0  0   0  0   1  1  0  0  0  1/1    16:59   5:58   0:00 

3 Stars

1 - Patrick Sharp (Pit)
2 - Nathan MacKinnon (Pit)
3 - Mikael Granlund (Pit)

Power Play

Islanders - 2 on 4 Attempt(s) - 50.00%
Penguins - 2 on 6 Attempt(s) - 33.33%

Penalty Kill

Islanders - 4 on 6 Attempt(s) - 66.67% - Score 0 goal in Penalty Kill
Penguins - 2 on 4 Attempt(s) - 50.00% - Score 0 goal in Penalty Kill

Official

Referees : Unknown
Linesman : Unknown

Game Notes

Olli Maatta is injured at 1:54 of 2nd period (Separated Right Shoulder)

Finance

Level 1 -- Attendance: 5209 (86.82%) -- Ticket Income $468,810
Level 2 -- Attendance: 4877 (97.54%) -- Ticket Income $273,112
Level 3 -- Attendance: 1886 (94.30%) -- Ticket Income $60,352
Level 4 -- Attendance: 3125 (78.13%) -- Ticket Income $65,625
Luxury Box -- Attendance: 1000 (100.00%) -- Ticket Income $185,000
Game was played at the Consol Energy Center
Total Attendance: 16097 (89.43%)
Total Ticket Income: $1,052,899
Other Income: $515,921
Total Income: $1,568,820

Islanders

5 vs 5 Forward 
   Center                   Left Wing                Right Wing               Time % Phy DF OF 
 1 Joe Pavelski             Jamie Benn               Tyler Ennis              35     1   2  2  
 2 David Krejci             Chris Kunitz             Carl Hagelin             30     1   2  2  
 3 Jarret Stoll             Lauri Korpikoski         Matt Martin              22     1   2  2  
 4 Marcel Goc               Craig Adams              Colton Sceviour          13     1   2  2  

5 vs 5 Defense 
   Defense                  Defense                                           Time % Phy DF OF 
 1 Erik Karlsson            Paul Martin                                       37     1   2  2  
 2 Travis Hamonic           Kyle Quincey                                      32     1   2  2  
 3 Olli Maatta              Rob Scuderi                                       28     1   2  2  
 4 Travis Hamonic           Erik Karlsson                                     3      1   2  2  

PowerPlay Forward 
   Center                   Left Wing                Right Wing               Time % Phy DF OF 
 1 Joe Pavelski             Chris Kunitz             Jamie Benn               60     1   2  2  
 2 David Krejci             Tyler Ennis              Carl Hagelin             40     1   2  2  

PowerPlay Defense
   Defense                  Defense                                           Time % Phy DF OF 
 1 Erik Karlsson            Paul Martin                                       60     1   2  2  
 2 Travis Hamonic           Kyle Quincey                                      40     1   2  2  

Penalty Kill 4 Players Forward 
   Center                   Wing                     Time % Phy DF OF 
 1 Jarret Stoll             Craig Adams              60     1   2  2  
 2 Marcel Goc               Lauri Korpikoski         40     1   2  2  

Penalty Kill 4 Players Defense
   Defense                  Defense                  Time % Phy DF OF 
 1 Travis Hamonic           Rob Scuderi              60     1   2  2  
 2 Kyle Quincey             Olli Maatta              40     1   2  2  

Penalty Kill - 3 Players Forward 
   Forward                                           Time % Phy DF OF 
 1 Jarret Stoll                                      60     1   2  2  
 2 Marcel Goc                                        40     1   2  2  

Penalty Kill - 3 Players Defense
   Defense                  Defense                  Time % Phy DF OF 
 1 Travis Hamonic           Rob Scuderi              60     1   2  2  
 2 Kyle Quincey             Paul Martin              40     1   2  2  

4 vs 4 Forward 
   Center                   Wing                     Time % Phy DF OF 
 1 Joe Pavelski             Jamie Benn               60     1   2  2  
 2 David Krejci             Chris Kunitz             40     1   2  2  

4 vs 4 Defense
   Defense                  Defense                  Time % Phy DF OF 
 1 Erik Karlsson            Paul Martin              60     1   2  2  
 2 Travis Hamonic           Kyle Quincey             40     1   2  2  

Last Minutes Offensive
   Center                   Left Wing                Right Wing               Defense                  Defense                  
   Joe Pavelski             Chris Kunitz             Jamie Benn               Erik Karlsson            Paul Martin              

Last Minutes Defensive
   Center                   Left Wing                Right Wing               Defense                  Defense                  
   Jarret Stoll             Marcel Goc               Craig Adams              Travis Hamonic           Paul Martin              

Goaltenders
Starting : Braden Holtby            
Backup : Curtis McElhinney        

Extra Forwards
Normal : Joe Pavelski, Chris Kunitz, Jamie Benn - PP : Joe Pavelski, Chris Kunitz - PK : Jarret Stoll
Extra Defensemen
Normal : Paul Martin, Travis Hamonic, Erik Karlsson - PP : Erik Karlsson - PK : Paul Martin, Travis Hamonic
Penalty Shots
Jarret Stoll, Chris Kunitz, Joe Pavelski, Tyler Ennis, Kyle Quincey

Penguins

5 vs 5 Forward 
   Center                   Left Wing                Right Wing               Time % Phy DF OF 
 1 Mikael Granlund          Patrick Sharp            Jarome Iginla            35     1   2  2  
 2 David Legwand            Vladimir Tarasenko       Nathan MacKinnon         30     1   2  2  
 3 Paul Gaustad             Nail Yakupov             Jimmy Hayes              22     1   2  2  
 4 Nate Thompson            Chris Kelly              Marcus Foligno           13     1   2  2  

5 vs 5 Defense 
   Defense                  Defense                                           Time % Phy DF OF 
 1 Mark Giordano            Dan Hamhuis                                       40     1   2  2  
 2 Anton Volchenkov         Christian Ehrhoff                                 35     1   2  2  
 3 Chris Butler             Cody Ceci                                         20     1   2  2  
 4 Chris Butler             Cody Ceci                                         5      1   2  2  

PowerPlay Forward 
   Center                   Left Wing                Right Wing               Time % Phy DF OF 
 1 Mikael Granlund          Patrick Sharp            Vladimir Tarasenko       60     1   1  3  
 2 David Legwand            Jarome Iginla            Nathan MacKinnon         40     1   1  3  

PowerPlay Defense
   Defense                  Defense                                           Time % Phy DF OF 
 1 Mark Giordano            Christian Ehrhoff                                 60     1   1  3  
 2 Dan Hamhuis              Cody Ceci                                         40     1   1  3  

Penalty Kill 4 Players Forward 
   Center                   Wing                     Time % Phy DF OF 
 1 Paul Gaustad             Chris Kelly              60     1   3  1  
 2 Nate Thompson            Marcus Foligno           40     1   3  1  

Penalty Kill 4 Players Defense
   Defense                  Defense                  Time % Phy DF OF 
 1 Anton Volchenkov         Dan Hamhuis              60     1   3  1  
 2 Chris Butler             Mark Giordano            40     1   3  1  

Penalty Kill - 3 Players Forward 
   Forward                                           Time % Phy DF OF 
 1 Paul Gaustad                                      60     1   3  1  
 2 Nate Thompson                                     40     1   3  1  

Penalty Kill - 3 Players Defense
   Defense                  Defense                  Time % Phy DF OF 
 1 Anton Volchenkov         Dan Hamhuis              60     1   3  1  
 2 Chris Butler             Mark Giordano            40     1   3  1  

4 vs 4 Forward 
   Center                   Wing                     Time % Phy DF OF 
 1 Mikael Granlund          Patrick Sharp            60     1   2  2  
 2 David Legwand            Nathan MacKinnon         40     1   2  2  

4 vs 4 Defense
   Defense                  Defense                  Time % Phy DF OF 
 1 Mark Giordano            Dan Hamhuis              60     1   2  2  
 2 Christian Ehrhoff        Anton Volchenkov         40     1   2  2  

Last Minutes Offensive
   Center                   Left Wing                Right Wing               Defense                  Defense                  
   Mikael Granlund          Patrick Sharp            Jarome Iginla            Mark Giordano            Dan Hamhuis              

Last Minutes Defensive
   Center                   Left Wing                Right Wing               Defense                  Defense                  
   Mikael Granlund          Patrick Sharp            Jarome Iginla            Mark Giordano            Dan Hamhuis              

Goaltenders
Starting : Ryan Miller              
Backup : Alex Stalock             

Extra Forwards
Normal : Nathan MacKinnon, Nail Yakupov, Marcus Foligno - PP : Nathan MacKinnon, Nail Yakupov - PK : Jarome Iginla
Extra Defensemen
Normal : Cody Ceci, Mark Giordano, Christian Ehrhoff - PP : Cody Ceci - PK : Cody Ceci, Christian Ehrhoff
Penalty Shots
Patrick Sharp, Jimmy Hayes, Nathan MacKinnon, Vladimir Tarasenko, David Legwand

% Time on Ice - Islanders

Lines # - Real PCT - Wanted PCT - Time Play
Normal Forward
1 - 34% - 35% - 14:47
2 - 28% - 30% - 12:07
3 - 23% - 22% - 9:52
4 - 16% - 13% - 7:02
Normal Defense
1 - 31% - 37% - 13:38
2 - 27% - 32% - 11:43
3 - 39% - 28% - 17:17
4 - 3% - 3% - 1:10
PP Forward
1 - 51% - 60% - 2:58
2 - 49% - 40% - 2:50
PP Defense
1 - 64% - 60% - 3:41
2 - 36% - 40% - 2:07
PK Forward
1 - 75% - 60% - 7:47
2 - 25% - 40% - 2:37
PK Defense
1 - 59% - 60% - 6:06
2 - 41% - 40% - 4:18
PK3 Forward
1 - 0% - 60%
2 - 0% - 40%
PK3 Defense
1 - 0% - 60%
2 - 0% - 40%
44 Forward
1 - 0% - 60%
2 - 0% - 40%
44 Defense
1 - 0% - 60%
2 - 0% - 40%
Last Minute Offensive  - 0:00
Last Minute Defensive  - 0:00
Total
Forward - 60:00
Defense - 60:00

% Time on Ice - Penguins

Lines # - Real PCT - Wanted PCT - Time Play
Normal Forward
1 - 29% - 35% - 12:47
2 - 27% - 30% - 11:49
3 - 26% - 22% - 11:11
4 - 18% - 13% - 8:01
Normal Defense
1 - 38% - 40% - 16:30
2 - 37% - 35% - 16:21
3 - 23% - 20% - 9:53
4 - 2% - 5% - 1:04
PP Forward
1 - 57% - 60% - 5:58
2 - 43% - 40% - 4:26
PP Defense
1 - 64% - 60% - 6:38
2 - 36% - 40% - 3:46
PK Forward
1 - 82% - 60% - 4:44
2 - 18% - 40% - 1:04
PK Defense
1 - 50% - 60% - 2:54
2 - 50% - 40% - 2:54
PK3 Forward
1 - 0% - 60%
2 - 0% - 40%
PK3 Defense
1 - 0% - 60%
2 - 0% - 40%
44 Forward
1 - 0% - 60%
2 - 0% - 40%
44 Defense
1 - 0% - 60%
2 - 0% - 40%
Last Minute Offensive  - 0:00
Last Minute Defensive  - 0:00
Total
Forward - 60:00
Defense - 60:00

Play by Play

1st period


0:01 of 1st period - Joe Pavelski wins face-off versus Mikael Granlund in neutral zone.
0:56 of 1st period - Erik Karlsson is hit by Vladimir Tarasenko.
1:56 of 1st period - Wrist shot by Lauri Korpikoski.
1:56 of 1st period - Shot Misses the Net.
1:58 of 1st period - Slapshot by Travis Hamonic.
1:58 of 1st period - Stopped by Ryan Miller with a rebound.
2:34 of 1st period - Snap shot by Marcel Goc.
2:34 of 1st period - Stopped by Ryan Miller with a rebound.
2:36 of 1st period - Slapshot by Kyle Quincey.
2:36 of 1st period - Stopped by Ryan Miller with a rebound.
2:41 of 1st period - Wrist shot by Marcel Goc.
2:41 of 1st period - Stopped by Ryan Miller without a rebound.
2:42 of 1st period - Paul Gaustad wins face-off versus Marcel Goc in Penguins zone.
2:50 of 1st period - Slapshot by Christian Ehrhoff.
2:50 of 1st period - Shot Blocked by Paul Martin.
3:14 of 1st period - Slapshot by Christian Ehrhoff.
3:14 of 1st period - Shot Blocked by Erik Karlsson.
3:35 of 1st period - Anton Volchenkov is hit by Paul Martin and loses puck.
4:23 of 1st period - Snap shot by Jamie Benn.
4:23 of 1st period - Deflect By Joe Pavelski.
4:23 of 1st period - Shot Misses the Net.
4:23 of 1st period - Puck is out of play.
4:24 of 1st period - Chris Kelly wins face-off versus Joe Pavelski in Penguins zone.
4:35 of 1st period - Wrist shot by Chris Kelly.
4:35 of 1st period - Stopped by Braden Holtby without a rebound.
4:36 of 1st period - Joe Pavelski wins face-off versus Paul Gaustad in Islanders zone.
4:45 of 1st period - Jimmy Hayes is hit by Jamie Benn and loses puck.
4:56 of 1st period - Wrist shot by Joe Pavelski.
4:56 of 1st period - Deflect By Jamie Benn.
4:56 of 1st period - Shot Misses the Net.
4:56 of 1st period - Puck is out of play.
4:57 of 1st period - Jarret Stoll wins face-off versus Mikael Granlund in Penguins zone.
5:24 of 1st period - Snap shot by Mikael Granlund.
5:24 of 1st period - Shot Blocked by Jarret Stoll.
5:26 of 1st period - Slapshot by Cody Ceci.
5:26 of 1st period - Stopped by Braden Holtby without a rebound.
5:27 of 1st period - Joe Pavelski wins face-off versus Nate Thompson in Islanders zone.
5:29 of 1st period - Minor Penalty to Joe Pavelski for Holding.
5:30 of 1st period - Vladimir Tarasenko wins face-off versus Jarret Stoll in Islanders zone.
6:22 of 1st period - Snap shot by Nathan MacKinnon.
6:22 of 1st period - Goal by Nathan MacKinnon - Islanders : 0 - Penguins : 1.
6:23 of 1st period - Jamie Benn wins face-off versus Nate Thompson in neutral zone.
6:32 of 1st period - Snap shot by Jamie Benn.
6:32 of 1st period - Stopped by Ryan Miller with a rebound.
6:34 of 1st period - Slapshot by Erik Karlsson.
6:34 of 1st period - Stopped by Ryan Miller with a rebound.
6:36 of 1st period - Snap shot by Erik Karlsson.
6:36 of 1st period - Shot Misses the Net.
6:48 of 1st period - Snap shot by Joe Pavelski.
6:48 of 1st period - Stopped by Ryan Miller with a rebound.
6:50 of 1st period - Backhand shot by Paul Martin.
6:50 of 1st period - Stopped by Ryan Miller without a rebound.
6:51 of 1st period - David Krejci wins face-off versus Mikael Granlund in Penguins zone.
7:47 of 1st period - Lauri Korpikoski is hit by Nail Yakupov and loses puck.
7:58 of 1st period - Snap shot by Nail Yakupov.
7:58 of 1st period - Stopped by Braden Holtby with a rebound.
8:00 of 1st period - Slapshot by Mark Giordano.
8:00 of 1st period - Shot Misses the Net.
8:02 of 1st period - Slapshot by Paul Gaustad.
8:02 of 1st period - Stopped by Braden Holtby with a rebound.
8:10 of 1st period - Slapshot by Mark Giordano.
8:10 of 1st period - Stopped by Braden Holtby without a rebound.
8:11 of 1st period - David Legwand wins face-off versus Joe Pavelski in Islanders zone.
8:22 of 1st period - Slapshot by Nathan MacKinnon.
8:22 of 1st period - Stopped by Braden Holtby with a rebound.
8:48 of 1st period - Wrist shot by Jamie Benn.
8:48 of 1st period - Shot Misses the Net.
8:54 of 1st period - Minor Penalty to David Legwand for Goalie Interference.
8:55 of 1st period - David Krejci wins face-off versus Paul Gaustad in Penguins zone.
9:02 of 1st period - Slapshot by Erik Karlsson.
9:02 of 1st period - Stopped by Ryan Miller with a rebound.
9:04 of 1st period - Slapshot by Paul Martin.
9:04 of 1st period - Stopped by Ryan Miller without a rebound.
9:05 of 1st period - Paul Gaustad wins face-off versus David Krejci in Penguins zone.
9:14 of 1st period - Paul Gaustad is hit by Tyler Ennis.
9:32 of 1st period - Paul Gaustad is hit by Carl Hagelin and loses puck.
9:47 of 1st period - Snap shot by Joe Pavelski.
9:47 of 1st period - Shot Misses the Net.
9:49 of 1st period - Wrist shot by Joe Pavelski.
9:49 of 1st period - Shot Misses the Net.
9:51 of 1st period - Snap shot by Joe Pavelski.
9:51 of 1st period - Goal by Joe Pavelski - Islanders : 1 - Penguins : 1.
9:52 of 1st period - Mikael Granlund wins face-off versus Jarret Stoll in neutral zone.
10:01 of 1st period - Snap shot by Mikael Granlund.
10:01 of 1st period - Goal by Mikael Granlund - Islanders : 1 - Penguins : 2.
10:02 of 1st period - David Krejci wins face-off versus Mikael Granlund in neutral zone.
10:26 of 1st period - Wrist shot by Chris Kunitz.
10:26 of 1st period - Stopped by Ryan Miller with a rebound.
11:02 of 1st period - Snap shot by Joe Pavelski.
11:02 of 1st period - Stopped by Ryan Miller with a rebound.
11:12 of 1st period - Slapshot by Joe Pavelski.
11:12 of 1st period - Stopped by Ryan Miller without a rebound.
11:13 of 1st period - David Legwand wins face-off versus Jarret Stoll in Penguins zone.
11:17 of 1st period - Off-side.
11:18 of 1st period - Jarret Stoll wins face-off versus David Legwand in neutral zone.
11:28 of 1st period - Snap shot by Nathan MacKinnon.
11:28 of 1st period - Stopped by Braden Holtby with a rebound.
11:41 of 1st period - Wrist shot by Lauri Korpikoski.
11:41 of 1st period - Stopped by Ryan Miller with a rebound.
12:01 of 1st period - Minor Penalty to Mark Giordano for Cross-checking.
12:02 of 1st period - Joe Pavelski wins face-off versus Paul Gaustad in Penguins zone.
12:30 of 1st period - Snap shot by Jamie Benn.
12:30 of 1st period - Shot Misses the Net.
13:07 of 1st period - Snap shot by Carl Hagelin.
13:07 of 1st period - Stopped by Ryan Miller with a rebound.
13:09 of 1st period - Slapshot by Kyle Quincey.
13:09 of 1st period - Deflect By David Krejci.
13:09 of 1st period - Shot Blocked by Dan Hamhuis.
13:09 of 1st period - Puck is out of play.
13:10 of 1st period - Paul Gaustad wins face-off versus David Krejci in Penguins zone.
13:18 of 1st period - Off-side.
13:19 of 1st period - Paul Gaustad wins face-off versus Carl Hagelin in neutral zone.
13:36 of 1st period - Snap shot by David Krejci.
13:36 of 1st period - Stopped by Ryan Miller with a rebound.
13:38 of 1st period - Wrist shot by David Krejci.
13:38 of 1st period - Stopped by Ryan Miller without a rebound.
13:39 of 1st period - Paul Gaustad wins face-off versus Joe Pavelski in Penguins zone.
14:01 of 1st period - Penalty to Mark Giordano is over, Mark Giordano is back on ice.
14:26 of 1st period - Colton Sceviour is hit by Marcus Foligno and loses puck.
14:33 of 1st period - Chris Butler is hit by Craig Adams and loses puck.
15:12 of 1st period - Anton Volchenkov is hit by Matt Martin and loses puck.
15:38 of 1st period - Mark Giordano is hit by Matt Martin and loses puck.
16:12 of 1st period - Minor Penalty to Kyle Quincey for Holding Stick.
16:13 of 1st period - David Legwand wins face-off versus Jarret Stoll in Islanders zone.
16:15 of 1st period - Slapshot by Nathan MacKinnon.
16:15 of 1st period - Stopped by Braden Holtby with a rebound.
16:45 of 1st period - Wrist shot by Jarret Stoll.
16:45 of 1st period - Stopped by Ryan Miller with a rebound.
16:47 of 1st period - Slapshot by Rob Scuderi.
16:47 of 1st period - Shot Misses the Net.
16:49 of 1st period - Slapshot by Olli Maatta.
16:49 of 1st period - Deflect By Jarret Stoll.
16:49 of 1st period - Shot Misses the Net.
16:49 of 1st period - Puck is out of play.
16:50 of 1st period - Jarret Stoll wins face-off versus Mikael Granlund in Penguins zone.
17:13 of 1st period - Wrist shot by Vladimir Tarasenko.
17:13 of 1st period - Shot Blocked by Paul Martin.
17:15 of 1st period - Slapshot by Christian Ehrhoff.
17:15 of 1st period - Shot Blocked by Paul Martin.
17:45 of 1st period - Lauri Korpikoski is hit by David Legwand and loses puck.
18:12 of 1st period - Penalty to Kyle Quincey is over, Kyle Quincey is back on ice.
18:41 of 1st period - Slapshot by Christian Ehrhoff.
18:41 of 1st period - Stopped by Braden Holtby with a rebound.
18:43 of 1st period - Slapshot by Christian Ehrhoff.
18:43 of 1st period - Shot Blocked by Craig Adams.
18:51 of 1st period - Snap shot by Jimmy Hayes.
18:51 of 1st period - Stopped by Braden Holtby with a rebound.
19:13 of 1st period - Slapshot by Mark Giordano.
19:13 of 1st period - Shot Misses the Net.
19:33 of 1st period - Slapshot by Christian Ehrhoff.
19:33 of 1st period - Shot Misses the Net.
Goals for this period are 1 for Islanders vs 2 for Penguins.
Shots for this period are 19 for Islanders vs 12 for Penguins.

2nd period


0:01 of 2nd period - David Krejci wins face-off versus Mikael Granlund in neutral zone.
0:23 of 2nd period - Snap shot by Patrick Sharp.
0:23 of 2nd period - Shot Misses the Net.
0:25 of 2nd period - Slapshot by Dan Hamhuis.
0:25 of 2nd period - Shot Blocked by Paul Martin.
0:27 of 2nd period - Slapshot by Mark Giordano.
0:27 of 2nd period - Shot Misses the Net.
0:29 of 2nd period - Slapshot by Dan Hamhuis.
0:29 of 2nd period - Stopped by Braden Holtby with a rebound.
0:31 of 2nd period - Slapshot by Mark Giordano.
0:31 of 2nd period - Stopped by Braden Holtby without a rebound.
0:32 of 2nd period - Paul Gaustad wins face-off versus Joe Pavelski in Islanders zone.
0:36 of 2nd period - Minor Penalty to Jamie Benn for Tripping.
0:37 of 2nd period - Mikael Granlund wins face-off versus Jarret Stoll in Islanders zone.
1:53 of 2nd period - Olli Maatta is hit by Nathan MacKinnon and loses puck.
1:54 of 2nd period - Olli Maatta from Islanders is injured at 1:54 of 2nd period (Separated Right Shoulder).
1:55 of 2nd period - Jarret Stoll wins face-off versus Mikael Granlund in Islanders zone.
2:36 of 2nd period - Penalty to Jamie Benn is over, Jamie Benn is back on ice.
2:42 of 2nd period - Snap shot by Nail Yakupov.
2:42 of 2nd period - Shot Misses the Net.
2:44 of 2nd period - Backhand shot by Christian Ehrhoff.
2:44 of 2nd period - Shot Blocked by Rob Scuderi.
2:48 of 2nd period - Slapshot by Nail Yakupov.
2:48 of 2nd period - Shot Blocked by Rob Scuderi.
2:50 of 2nd period - Snap shot by Paul Gaustad.
2:50 of 2nd period - Shot Misses the Net.
3:08 of 2nd period - Snap shot by Jimmy Hayes.
3:08 of 2nd period - Stopped by Braden Holtby with a rebound.
3:10 of 2nd period - Slapshot by Nail Yakupov.
3:10 of 2nd period - Deflect By Jimmy Hayes.
3:10 of 2nd period - Shot Misses the Net.
3:10 of 2nd period - Puck is out of play.
3:11 of 2nd period - Nate Thompson wins face-off versus David Krejci in Islanders zone.
3:14 of 2nd period - Slapshot by Mark Giordano.
3:14 of 2nd period - Deflect By Paul Martin.
3:14 of 2nd period - Stopped by Braden Holtby with a rebound.
3:16 of 2nd period - Slapshot by Dan Hamhuis.
3:16 of 2nd period - Shot Misses the Net.
3:18 of 2nd period - Snap shot by Marcus Foligno.
3:18 of 2nd period - Shot Misses the Net.
3:20 of 2nd period - Slapshot by Dan Hamhuis.
3:20 of 2nd period - Stopped by Braden Holtby with a rebound.
3:22 of 2nd period - Snap shot by Dan Hamhuis.
3:22 of 2nd period - Stopped by Braden Holtby without a rebound.
3:23 of 2nd period - David Krejci wins face-off versus Marcus Foligno in Islanders zone.
3:44 of 2nd period - Snap shot by Carl Hagelin.
3:44 of 2nd period - Shot Misses the Net.
3:50 of 2nd period - Slapshot by Mark Giordano.
3:50 of 2nd period - Stopped by Braden Holtby with a rebound.
3:52 of 2nd period - Slapshot by Dan Hamhuis.
3:52 of 2nd period - Shot Blocked by Paul Martin.
3:54 of 2nd period - Slapshot by Mark Giordano.
3:54 of 2nd period - Shot Misses the Net.
4:08 of 2nd period - Joe Pavelski is hit by Mark Giordano.
4:18 of 2nd period - Snap shot by Jamie Benn.
4:18 of 2nd period - Shot Misses the Net.
4:33 of 2nd period - Icing by Mark Giordano.
4:34 of 2nd period - Jarome Iginla wins face-off versus Jarret Stoll in Penguins zone.
5:43 of 2nd period - Minor Penalty to Travis Hamonic for Hooking.
5:44 of 2nd period - Jarret Stoll wins face-off versus Mikael Granlund in Islanders zone.
6:19 of 2nd period - Lauri Korpikoski is hit by Jarome Iginla and loses puck.
7:14 of 2nd period - Snap shot by Nathan MacKinnon.
7:14 of 2nd period - Stopped by Braden Holtby with a rebound.
7:16 of 2nd period - Slapshot by Dan Hamhuis.
7:16 of 2nd period - Shot Misses the Net.
7:18 of 2nd period - Slapshot by Cody Ceci.
7:18 of 2nd period - Goal by Cody Ceci - Islanders : 1 - Penguins : 3.
7:19 of 2nd period - David Krejci wins face-off versus Paul Gaustad in neutral zone.
7:22 of 2nd period - Snap shot by Carl Hagelin.
7:22 of 2nd period - Deflect By Anton Volchenkov.
7:22 of 2nd period - Stopped by Ryan Miller without a rebound.
7:23 of 2nd period - Paul Gaustad wins face-off versus David Krejci in Penguins zone.
7:55 of 2nd period - Minor Penalty to Chris Kunitz for Tripping.
7:56 of 2nd period - Marcel Goc wins face-off versus Mikael Granlund in Islanders zone.
9:11 of 2nd period - Kyle Quincey is hit by Christian Ehrhoff.
9:55 of 2nd period - Penalty to Chris Kunitz is over, Chris Kunitz is back on ice.
10:21 of 2nd period - Rob Scuderi is hit by Jimmy Hayes and loses puck.
10:31 of 2nd period - Wrist shot by Carl Hagelin.
10:31 of 2nd period - Stopped by Ryan Miller with a rebound.
11:47 of 2nd period - Icing by Marcus Foligno.
11:48 of 2nd period - David Krejci wins face-off versus Nate Thompson in Penguins zone.
12:04 of 2nd period - Carl Hagelin is hit by Marcus Foligno and loses puck.
12:16 of 2nd period - Minor Penalty to Marcus Foligno for Hooking.
12:17 of 2nd period - Paul Gaustad wins face-off versus Joe Pavelski in Penguins zone.
12:35 of 2nd period - Wrist shot by Joe Pavelski.
12:35 of 2nd period - Shot Blocked by Chris Butler.
12:37 of 2nd period - Snap shot by Joe Pavelski.
12:37 of 2nd period - Shot Misses the Net.
12:39 of 2nd period - Slapshot by Travis Hamonic.
12:39 of 2nd period - Deflect By Jamie Benn.
12:39 of 2nd period - Shot Misses the Net.
12:39 of 2nd period - Puck is out of play.
12:40 of 2nd period - Paul Gaustad wins face-off versus David Krejci in Penguins zone.
13:05 of 2nd period - Slapshot by Tyler Ennis.
13:05 of 2nd period - Stopped by Ryan Miller with a rebound.
13:07 of 2nd period - Slapshot by Tyler Ennis.
13:07 of 2nd period - Shot Hit the Post.
13:09 of 2nd period - Slapshot by Paul Martin.
13:09 of 2nd period - Goal by Paul Martin - Islanders : 2 - Penguins : 3.
13:10 of 2nd period - Jarret Stoll wins face-off versus Mikael Granlund in neutral zone.
13:23 of 2nd period - Wrist shot by Patrick Sharp.
13:23 of 2nd period - Goal by Patrick Sharp - Islanders : 2 - Penguins : 4.
13:24 of 2nd period - Mikael Granlund wins face-off versus Joe Pavelski in neutral zone.
13:31 of 2nd period - Wrist shot by Joe Pavelski.
13:31 of 2nd period - Shot Misses the Net.
14:22 of 2nd period - Wrist shot by Chris Kunitz.
14:22 of 2nd period - Shot Blocked by Mark Giordano.
14:24 of 2nd period - Slapshot by Rob Scuderi.
14:24 of 2nd period - Shot Blocked by Mark Giordano.
14:26 of 2nd period - Snap shot by Paul Martin.
14:26 of 2nd period - Deflect By Chris Kunitz.
14:26 of 2nd period - Stopped by Ryan Miller with a rebound.
14:28 of 2nd period - Slapshot by Paul Martin.
14:28 of 2nd period - Stopped by Ryan Miller without a rebound.
14:29 of 2nd period - David Krejci wins face-off versus Nate Thompson in Penguins zone.
14:45 of 2nd period - Snap shot by David Krejci.
14:45 of 2nd period - Stopped by Ryan Miller without a rebound.
14:46 of 2nd period - Jarret Stoll wins face-off versus Nate Thompson in Penguins zone.
14:57 of 2nd period - Jarret Stoll is hit by Chris Kelly and loses puck.
15:20 of 2nd period - Wrist shot by Lauri Korpikoski.
15:20 of 2nd period - Shot Blocked by Chris Butler.
15:22 of 2nd period - Slapshot by Matt Martin.
15:22 of 2nd period - Shot Misses the Net.
15:24 of 2nd period - Slapshot by Kyle Quincey.
15:24 of 2nd period - Stopped by Ryan Miller with a rebound.
15:46 of 2nd period - Anton Volchenkov is hit by Travis Hamonic and loses puck.
15:59 of 2nd period - Patrick Sharp is hit by Kyle Quincey and loses puck.
16:29 of 2nd period - Icing by Paul Martin.
16:30 of 2nd period - Joe Pavelski wins face-off versus David Legwand in Islanders zone.
16:53 of 2nd period - Snap shot by Nathan MacKinnon.
16:53 of 2nd period - Shot Misses the Net.
16:55 of 2nd period - Slapshot by Mark Giordano.
16:55 of 2nd period - Shot Misses the Net.
16:57 of 2nd period - Slapshot by Dan Hamhuis.
16:57 of 2nd period - Shot Misses the Net.
16:59 of 2nd period - Wrist shot by Dan Hamhuis.
16:59 of 2nd period - Shot Misses the Net.
17:01 of 2nd period - Slapshot by Dan Hamhuis.
17:01 of 2nd period - Shot Misses the Net.
17:03 of 2nd period - Slapshot by Dan Hamhuis.
17:03 of 2nd period - Deflect By Nathan MacKinnon.
17:03 of 2nd period - Shot Misses the Net.
17:03 of 2nd period - Puck is out of play.
17:04 of 2nd period - Paul Gaustad wins face-off versus David Krejci in Islanders zone.
17:33 of 2nd period - Snap shot by Jimmy Hayes.
17:33 of 2nd period - Shot Blocked by Rob Scuderi.
17:43 of 2nd period - Cody Ceci is hit by Chris Kunitz and loses puck.
17:55 of 2nd period - Off-side.
17:56 of 2nd period - Lauri Korpikoski wins face-off versus Mikael Granlund in neutral zone.
18:09 of 2nd period - Kyle Quincey is hit by Dan Hamhuis and loses puck.
18:19 of 2nd period - Minor Penalty to Mark Giordano for High sticking.
18:20 of 2nd period - Paul Gaustad wins face-off versus Joe Pavelski in Penguins zone.
18:49 of 2nd period - Snap shot by Joe Pavelski.
18:49 of 2nd period - Stopped by Ryan Miller without a rebound.
18:50 of 2nd period - David Krejci wins face-off versus Paul Gaustad in Penguins zone.
18:57 of 2nd period - Snap shot by David Krejci.
18:57 of 2nd period - Shot Misses the Net.
19:15 of 2nd period - Wrist shot by Tyler Ennis.
19:15 of 2nd period - Shot Misses the Net.
19:17 of 2nd period - Wrist shot by Paul Martin.
19:17 of 2nd period - Deflect By Chris Butler.
19:17 of 2nd period - Stopped by Ryan Miller with a rebound.
Goals for this period are 1 for Islanders vs 2 for Penguins.
Shots for this period are 10 for Islanders vs 10 for Penguins.

3rd period


0:01 of 3rd period - Paul Gaustad wins face-off versus Joe Pavelski in neutral zone.
0:19 of 3rd period - Penalty to Mark Giordano is over, Mark Giordano is back on ice.
1:31 of 3rd period - Travis Hamonic is hit by David Legwand and loses puck.
1:50 of 3rd period - Snap shot by Nail Yakupov.
1:50 of 3rd period - Shot Blocked by Matt Martin.
1:52 of 3rd period - Wrist shot by Paul Gaustad.
1:52 of 3rd period - Stopped by Braden Holtby without a rebound.
1:53 of 3rd period - Marcel Goc wins face-off versus Paul Gaustad in Islanders zone.
3:02 of 3rd period - Snap shot by Chris Kunitz.
3:02 of 3rd period - Stopped by Ryan Miller with a rebound.
3:18 of 3rd period - Snap shot by Joe Pavelski.
3:18 of 3rd period - Deflect By Jamie Benn.
3:18 of 3rd period - Stopped by Ryan Miller with a rebound.
3:26 of 3rd period - Snap shot by Joe Pavelski.
3:26 of 3rd period - Stopped by Ryan Miller with a rebound.
3:43 of 3rd period - Slapshot by Rob Scuderi.
3:43 of 3rd period - Shot Misses the Net.
3:45 of 3rd period - Wrist shot by Rob Scuderi.
3:45 of 3rd period - Deflect By Anton Volchenkov.
3:45 of 3rd period - Stopped by Ryan Miller with a rebound.
4:40 of 3rd period - Snap shot by Colton Sceviour.
4:40 of 3rd period - Shot Blocked by Chris Butler.
4:50 of 3rd period - Slapshot by Nathan MacKinnon.
4:50 of 3rd period - Stopped by Braden Holtby with a rebound.
5:20 of 3rd period - Chris Butler is hit by Paul Martin and loses puck.
5:45 of 3rd period - Paul Gaustad is hit by Carl Hagelin and loses puck.
5:56 of 3rd period - Snap shot by Jamie Benn.
5:56 of 3rd period - Stopped by Ryan Miller with a rebound.
5:58 of 3rd period - Snap shot by Joe Pavelski.
5:58 of 3rd period - Stopped by Ryan Miller with a rebound.
6:00 of 3rd period - Wrist shot by Travis Hamonic.
6:00 of 3rd period - Deflect By Dan Hamhuis.
6:00 of 3rd period - Stopped by Ryan Miller without a rebound.
6:01 of 3rd period - Nate Thompson wins face-off versus Joe Pavelski in Penguins zone.
6:10 of 3rd period - Marcus Foligno is hit by Joe Pavelski and loses puck.
6:31 of 3rd period - Chris Butler is hit by Jamie Benn and loses puck.
6:50 of 3rd period - Snap shot by Nathan MacKinnon.
6:50 of 3rd period - Shot Blocked by Rob Scuderi.
7:00 of 3rd period - Wrist shot by Vladimir Tarasenko.
7:00 of 3rd period - Stopped by Braden Holtby with a rebound.
7:38 of 3rd period - Wrist shot by David Krejci.
7:38 of 3rd period - Shot Blocked by Anton Volchenkov.
7:52 of 3rd period - Chris Kelly is hit by Carl Hagelin and loses puck.
8:17 of 3rd period - Cody Ceci is hit by Marcel Goc.
8:23 of 3rd period - Snap shot by Marcel Goc.
8:23 of 3rd period - Shot Misses the Net.
11:26 of 3rd period - Dan Hamhuis is hit by Marcel Goc.
11:34 of 3rd period - Wrist shot by Marcel Goc.
11:34 of 3rd period - Stopped by Ryan Miller without a rebound.
11:35 of 3rd period - Nate Thompson wins face-off versus Jarret Stoll in Penguins zone.
13:12 of 3rd period - Slapshot by Marcus Foligno.
13:12 of 3rd period - Stopped by Braden Holtby without a rebound.
13:13 of 3rd period - Nate Thompson wins face-off versus Marcel Goc in Islanders zone.
13:47 of 3rd period - Minor Penalty to Travis Hamonic for Holding.
13:48 of 3rd period - Patrick Sharp wins face-off versus Jarret Stoll in Islanders zone.
15:47 of 3rd period - Penalty to Travis Hamonic is over, Travis Hamonic is back on ice.
15:53 of 3rd period - Off-side.
15:54 of 3rd period - Joe Pavelski wins face-off versus Mikael Granlund in neutral zone.
16:47 of 3rd period - Christian Ehrhoff is hit by Chris Kunitz.
16:55 of 3rd period - Erik Karlsson is hit by Nail Yakupov and loses puck.
17:02 of 3rd period - Chris Butler is hit by Carl Hagelin and loses puck.
17:24 of 3rd period - Jarret Stoll is hit by Jimmy Hayes and loses puck.
17:36 of 3rd period - Dan Hamhuis is hit by Matt Martin and loses puck.
17:43 of 3rd period - Jimmy Hayes is hit by Matt Martin and loses puck.
17:53 of 3rd period - Icing by Rob Scuderi.
17:54 of 3rd period - Joe Pavelski wins face-off versus Nate Thompson in Islanders zone.
18:09 of 3rd period - Snap shot by Mark Giordano.
18:09 of 3rd period - Shot Misses the Net.
18:11 of 3rd period - Snap shot by Nate Thompson.
18:11 of 3rd period - Shot Blocked by Travis Hamonic.
18:23 of 3rd period - Wrist shot by Marcus Foligno.
18:23 of 3rd period - Stopped by Braden Holtby with a rebound.
19:14 of 3rd period - Slapshot by Chris Kunitz.
19:14 of 3rd period - Shot Blocked by Anton Volchenkov.
19:40 of 3rd period - Cody Ceci is hit by Lauri Korpikoski and loses puck.
19:57 of 3rd period - Paul Martin is hit by Patrick Sharp and loses puck.
Goals for this period are 0 for Islanders vs 0 for Penguins.
Shots for this period are 8 for Islanders vs 5 for Penguins.


Output by the SimonT Hockey Simulator (STHS) for Eric Dolegowski -- Original Page W3C XHTML 1.0 Valid
Hockey Simulator - Hockey Simulation - Hockey Manager